 Dungeon Crawl Stone Soup version 0.22-a0-252-gcace5d2 (webtiles) character file.

1829 Amnesiac the Slinger (level 8, 0/39 HPs)
             Began as a Spriggan Fighter on Mar 1, 2018.
             Was a Believer of Okawaru.
             Slain by an orc warrior
             ... wielding a +0 halberd
              (22 damage)
             ... on level 8 of the Dungeon.
             The game lasted 00:12:00 (7783 turns).

Amnesiac the Slinger (Spriggan Fighter)             Turns: 7783, Time: 00:12:01

Health: 0/39       AC:  2    Str: 14    XL:     8   Next: 86%
Magic:  9/9        EV: 19    Int:  9    God:    Okawaru [**....]
Gold:   239        SH:  8    Dex: 16    Spells: 7/7 levels left

rFire    . . .     SeeInvis +   a - +1 fustibalus
rCold    . . .     Gourm    .   B - +2 buckler
rNeg     + . .     Faith    .   e - +0 robe
rPois    .         Spirit   .   (helmet restricted)
rElec    .         Reflect  .   (no cloak)
rCorr    .         Harm     .   (gloves unavailable)
MR       +....                  (boots unavailable)
Stlth    +.........             (no amulet)
HPRegen  0.13/turn              v - ring of positive energy
MPRegen  0.11/turn              (no ring)

@: very quick
A: very small, unfitting armour, see invisible, herbivore, speed 3, slow
metabolism 2
a: Heroism, Renounce Religion


You were on level 8 of the Dungeon.
You worshipped Okawaru.
Okawaru was pleased with you.
You were not hungry.

You visited 2 branches of the dungeon, and saw 9 of its levels.

You collected 304 gold pieces.
You spent 65 gold pieces at shops.

Inventory:

Hand Weapons
 a - a +1 fustibalus (weapon)
 b - a +0 blowgun
 A - a +0 long sword
 D - a +0 hunting sling
Missiles
 g - 21 poisoned needles
 h - 202 stones
 t - 6 sling bullets (quivered)
Armour
 e - a +0 robe (worn)
 B - a +2 buckler (worn)
Jewellery
 v - a ring of positive energy (left hand)
Wands
 k - a wand of flame (57)
 q - a wand of polymorph (19)
Scrolls
 i - 3 scrolls of teleportation {!r}
 m - a scroll of fog {!r}
 p - 2 scrolls of amnesia {!r}
Potions
 c - a potion of experience {!q, unknown}
 d - 3 potions of might {!q}
 j - 2 potions of heal wounds {!q}
 l - a potion of mutation {!q, unknown}
 o - 2 potions of lignification {!q}
 r - 3 potions of curing {!q}
 s - 2 potions of brilliance {!q, unknown}
 u - 2 potions of resistance {!q}
 w - a potion of magic {!q}
 x - a potion of flight {!q}
 z - a potion of agility {!q}
 C - a potion of haste {!q}
Comestibles
 f - 8 rations


   Skills:
 - Level 2.4 Fighting
 - Level 2.0 Long Blades
 + Level 13.0 Slings
 - Level 4.4 Dodging
 - Level 2.1 Shields


You had 7 spell levels left.
You didn't know any spells.

Dungeon Overview and Level Annotations

Branches:
Dungeon (8/15)             Temple (1/1) D:4
   Lair: D:8-11

Altars:
Ashenzari
Cheibriados
Dithmenos
Elyvilon
Fedhas
Gozag
Hepliaklqana
Kikubaaqudgha
Makhleb
Nemelex Xobeh
Okawaru
Qazlal
Ru
Sif Muna
Trog
Uskayaw
Vehumet
Wu Jian
Xom
Yredelemnul
The Shining One

Shops:
D:5 !

Annotations:
D:8 Gastronok


Innate Abilities, Weirdness & Mutations

You are very small and have problems with some larger weapons.
You are too small for most types of armour.
You have supernaturally acute eyesight. (SInv)
You are a herbivore.
You cover ground extremely quickly.
You need consume almost no food.


Message History

You shoot a sling bullet. The sling bullet hits the orc wizard.
The orc wizard is moderately wounded.
Firing (i - inventory. (/) - cycle)
t - 16 sling bullets (quivered)
Press: ? - help, Shift-Dir - straight line, f - orc warrior
Aim: an orc warrior, wielding a halberd and wearing a plate armour You shoot a sling bullet.
The sling bullet hits the orc warrior.
The orc warrior is moderately wounded.
Firing (i - inventory. (/) - cycle)
t - 15 sling bullets (quivered)
Press: ? - help, Shift-Dir - straight line, f/p - orc warrior
Aim: an orc warrior, wielding a halberd and wearing a plate armour (moderately wounded)
You shoot a sling bullet.
The sling bullet hits the orc warrior but does no damage.
The orc warrior is moderately wounded.
Firing (i - inventory. (/) - cycle)
t - 14 sling bullets (quivered)
Press: ? - help, Shift-Dir - straight line, f/p - orc warrior
Aim: an orc warrior, wielding a halberd and wearing a plate armour (moderately wounded)
You shoot a sling bullet.
The sling bullet completely misses the orc warrior.
Firing (i - inventory. (/) - cycle)
t - 13 sling bullets (quivered)
Press: ? - help, Shift-Dir - straight line, f/p - orc warrior
Aim: an orc warrior, wielding a halberd and wearing a plate armour (moderately wounded)
You shoot a sling bullet. The sling bullet hits the orc warrior!
The orc warrior is heavily wounded.
The orc wizard casts a spell at you. The puff of flame hits you!
Firing (i - inventory. (/) - cycle)
t - 12 sling bullets (quivered)
Press: ? - help, Shift-Dir - straight line, f/p - orc warrior
Aim: an orc warrior, wielding a halberd and wearing a plate armour (heavily wounded)
You shoot a sling bullet.
The sling bullet hits the orc warrior but does no damage.
The orc warrior is heavily wounded.
Firing (i - inventory. (/) - cycle)
t - 11 sling bullets (quivered)
Press: ? - help, Shift-Dir - straight line, f/p - orc warrior
Aim: an orc warrior, wielding a halberd and wearing a plate armour (heavily wounded)
You shoot a sling bullet.
The sling bullet closely misses the orc warrior.
Firing (i - inventory. (/) - cycle)
t - 10 sling bullets (quivered)
Press: ? - help, Shift-Dir - straight line, f/p - orc warrior
Aim: an orc warrior, wielding a halberd and wearing a plate armour (heavily wounded)
You shoot a sling bullet.
The sling bullet barely misses the orc warrior.
Firing (i - inventory. (/) - cycle)
t - 9 sling bullets (quivered)
Press: ? - help, Shift-Dir - straight line, f/p - orc warrior
Aim: an orc warrior, wielding a halberd and wearing a plate armour (heavily wounded)
You shoot a sling bullet. The sling bullet hits the orc warrior!
The orc warrior is almost dead.
The orc wizard casts a spell at you. The magic dart hits you!
Firing (i - inventory. (/) - cycle)
t - 8 sling bullets (quivered)
Press: ? - help, Shift-Dir - straight line, f - orc wizard
Aim: an orc wizard, wielding a dagger and wearing a robe (lightly wounded)
You shoot a sling bullet. The sling bullet hits the orc wizard.
The orc wizard is heavily wounded.
You block the orc warrior's attack.
Firing (i - inventory. (/) - cycle)
t - 7 sling bullets (quivered)
Press: ? - help, Shift-Dir - straight line, f/p - orc wizard
Aim: an orc wizard, wielding a dagger and wearing a robe (heavily wounded)
You shoot a sling bullet.
The sling bullet closely misses the orc warrior.
The orc wizard gestures at you while chanting.
You resist with almost no effort.
The orc warrior hits you from afar with a halberd!!
Ouch! That really hurt!
You die...

#...##..........# 8.. #
###......##.....#
#'#### ###......######
#..... ###..#.## #.....
#####..#..# #)....
#...#...#.##### #.....
#...#.........# #.#...
#......#o####..# #.#(##
#.....@..(####.###.#.#
#...##.#...##...##..(##
#...##..#.o........†..#
#...###.###(.(...).....
##### #.# #..(.........
#.# #...(........
#.####...o....... ###
#..####..<...=>.†
....##........†.†.###


You could see an orc warrior and an orc wizard.

Vanquished Creatures
  A wyvern (D:8)
  The ghost of Amnesiac the Vandal, an amateur SpFi (D:3)
  3 slaves (D:8)
  2 orc warriors
  A sky beast (D:5)
  An ogre (D:6)
  A bullfrog (D:6)
  A wyvern skeleton (D:6)
  2 scorpions
  4 killer bees (D:7)
  2 crimson imps
  A centaur zombie (D:6)
  A gnoll shaman (D:6)
  3 orc wizards
  3 centaur skeletons
  An orc priest (D:4)
  2 hounds
  2 iguanas
  4 worker ants
  2 hound zombies (D:7)
  A worker ant zombie (D:5)
  8 gnolls
  A howler monkey skeleton (D:7)
  5 adders
  An adder zombie (D:7)
  An adder skeleton (D:5)
  3 worms
  A dart slug (D:3)
  4 leopard geckos
  19 orcs
  3 giant cockroaches
  4 goblins
  5 hobgoblins
  18 jackals
  2 quokkas
  2 ball pythons (D:2)
  A ball python zombie (D:5)
  7 bats
  A frilled lizard (D:5)
  8 kobolds
  3 quokka skeletons
  5 rats
141 creatures vanquished.

Notes
Turn   | Place    | Note
-------+----------+-------------------------------------------
     0 | D:1      | Amnesiac the Spriggan Fighter began the quest for the Orb.
     0 | D:1      | Reached XP level 1. HP: 11/11 MP: 2/2
   389 | D:4      | Noticed a scorpion
   438 | D:4      | Noticed a hound
   511 | D:4      | Reached skill level 2 in Slings
   511 | D:4      | Reached XP level 2. HP: 11/16 MP: 3/3
   511 | D:4      | Reached XP level 3. HP: 13/19 MP: 4/4
   622 | D:3      | Noticed Amnesiac's ghost (amateur SpFi)
   676 | D:3      | Reached skill level 3 in Slings
   915 | D:3      | Killed Amnesiac's ghost
   915 | D:3      | Reached skill level 5 in Slings
   915 | D:3      | Reached XP level 4. HP: 22/23 MP: 5/5
   915 | D:3      | Reached XP level 5. HP: 26/27 MP: 6/6
  1076 | D:4      | Found a radiant altar of Vehumet.
  1106 | D:4      | Found a radiant altar of Vehumet.
  1154 | D:4      | Found a staircase to the Ecumenical Temple.
  1182 | Temple   | Entered the Ecumenical Temple
  1244 | Temple   | Became a worshipper of Warmaster Okawaru
  1491 | D:4      | Reached skill level 6 in Slings
  2593 | D:2      | Found a sacrificial altar of Ru.
  2908 | D:2      | Found a glowing golden altar of the Shining One.
  3687 | D:4      | Reached skill level 7 in Slings
  3687 | D:4      | Reached XP level 6. HP: 32/32 MP: 7/7
  3813 | D:4      | Found a burning altar of Makhleb.
  3813 | D:4      | Found an ancient bone altar of Kikubaaqudgha.
  4020 | D:5      | Entered Level 5 of the Dungeon
  4155 | D:5      | Found Ityth's Distillery.
  4167 | D:5      | Bought a potion of heal wounds for 65 gold pieces
  4220 | D:5      | Reached skill level 8 in Slings
  4456 | D:5      | Found a snail-covered altar of Cheibriados.
  4753 | D:5      | Noticed a sky beast
  4784 | D:5      | Killed a sky beast
  4784 | D:5      | Reached XP level 7. HP: 35/35 MP: 8/8
  4897 | D:6      | Reached skill level 9 in Slings
  5029 | D:6      | Reached * piety under Okawaru
  5494 | D:6      | Reached skill level 10 in Slings
  5867 | D:6      | Reached XP level 8. HP: 32/39 MP: 9/9
  6116 | D:6      | Reached skill level 11 in Slings
  6868 | D:7      | Reached skill level 12 in Slings
  6873 | D:7      | Reached ** piety under Okawaru
  7520 | D:8      | Noticed Gastronok
  7626 | D:8      | Reached skill level 13 in Slings
  7783 | D:8      | Slain by an orc warrior

Vault maps used:
D:1:      dpeg_arrival_pond, st_stairs_5, minmay_tromino_v2
D:2:      overflow_temple_1_default, minmay_crystal_water,
          minmay_misc_feat_nine_boxes, tso_altar
D:4:      vehumet_crystals, gammafunk_temple_overflow_elements,
          minmay_temple_entry_nine_rooms, corexii_item_surrounded_by_moat,
          vehumet_altar_wand_db
D:5:      old_standard_altar, serial_shops,
          nicolae_shop_competitors_out_of_business, serial_bayou,
          serial_bayou_pond_e, serial_bayou_pond_b, serial_bayou_shore_a,
          serial_bayou_pond_e, first_ration
D:8:      zin_angel, uniq_gastronok, uniq_pikel
Temple:   kb_temple_of_zot

Skill      XL: |  1  2  3  4  5  6  7  8 |
---------------+-------------------------+-----
Long Blades    | 2 |  2.0
Slings         | 2 5 7 8 10 13 | 13.0
Fighting       | |  2.4
Dodging        | |  4.4
Shields        | |  2.1

Action                   |  1- 3 |  4- 6 |  7- 9 || total
-------------------------+-------+-------+-------++-------
Melee: Long sword        |    39 |    25 |       ||    64
 Fire: Hunting sling     |    36 |   292 |    86 ||   414
       Fustibalus        |       |       |   224 ||   224
  Use: Scroll            |       |     6 |    14 ||    20
       Potion            |       |       |     1 ||     1
  Eat: Ration            |       |     1 |     2 ||     3
Armor: Robe              |     8 |     3 |     3 ||    14
Dodge: Dodged            |    59 |    66 |    52 ||   177
Block: Buckler           |    26 |    40 |    36 ||   102
       Rpst.: Long sword |    19 |     5 |       ||    24

Table legend:
 A = Spawn XP
 B = Non-spawn XP
 C = Spawn XP percentage of total XP
 D = Spawn monster count
 E = Non-spawn monster count
 F = Spawn count percentage of total count
 G = Total turns spent on level
                    A         B        C        D         E        F      G
               +---------+---------+-------+---------+---------+-------+---------
         Total |       0 |    2613 |   0.0 |       0 |     138 |   0.0 |  7783
               +---------+---------+-------+---------+---------+-------+---------
           D:1 |       0 |      23 |   0.0 |       0 |      15 |   0.0 |   675
           D:2 |       0 |      44 |   0.0 |       0 |      11 |   0.0 |   935
           D:3 |       0 |     185 |   0.0 |       0 |      16 |   0.0 |  1119
           D:4 |       0 |     304 |   0.0 |       0 |      15 |   0.0 |  1005
           D:5 |       0 |     367 |   0.0 |       0 |      24 |   0.0 |  1330
           D:6 |       0 |     717 |   0.0 |       0 |      20 |   0.0 |  1064
           D:7 |       0 |     588 |   0.0 |       0 |      18 |   0.0 |  1078
           D:8 |       0 |     351 |   0.0 |       0 |      18 |   0.0 |   291
        Temple |       0 |      34 |   0.0 |       0 |       1 |   0.0 |   286
               +---------+---------+-------+---------+---------+-------+---------
